 Dungeon Crawl Stone Soup version 0.25-a0-523-g9afb2ee040 (webtiles) character file.

Game seed: 11249316829333036253, levelgen mode: classic

15805 EnegeticOcto the Cleaver (level 12, 30/116 HPs)
             Began as a Deep Dwarf Fighter on Feb 18, 2020.
             Was an Elder of Makhleb.
             Quit the game on level 13 of the Dungeon.
             The game lasted 00:05:58 (6360 turns).

EnegeticOcto the Cleaver (Deep Dwarf Fighter)       Turns: 6360, Time: 00:05:59

Health: 30/116     AC: 15    Str: 25    XL:     12   Next: 4%
Magic:  1/1        EV: 12    Int:  9    God:    Makhleb [****..]
Gold:   502        SH:  0    Dex: 12    Spells: 11/11 levels left

rFire    . . .     SeeInvis .   C - +4 battleaxe
rCold    + . .     Gourm    .   (shield currently unavailable)
rNeg     + . .     Faith    .   u - +2 chain mail {rC+}
rPois    .         Spirit   .   z - +1 hat
rElec    .         Reflect  .   h - +0 cloak
rCorr    .         Harm     .   (no gloves)
MR       +....                  (no boots)
Stlth    ..........             w - amulet of the acrobat
HPRegen  0.00/turn              y - ring of positive energy
MPRegen  0.07/turn              (no ring)

@: lethally poisoned (30 -> -11), non-regenerating
A: damage resistance, heal wounds, sense surroundings 2, no regeneration
a: Heal Wounds, Minor Destruction, Lesser Servant of Makhleb, Major Destruction,
Renounce Religion


You were on level 13 of the Dungeon.
You worshipped Makhleb.
Makhleb was greatly pleased with you.
You were hungry.

You visited 2 branches of the dungeon, and saw 14 of its levels.

You collected 502 gold pieces.

Inventory:

Hand Weapons
 a - a +0 war axe
 C - a +4 battleaxe (weapon)
Missiles
 b - 3 throwing nets (quivered)
Armour
 c - a +1 kite shield
 h - a +0 cloak (worn)
 u - a +2 chain mail of cold resistance (worn)
 z - a +1 hat (worn)
 E - a +0 chain mail
Jewellery
 w - an amulet of the acrobat (around neck)
 y - a ring of positive energy (left hand)
Wands
 q - a wand of digging (5) {@V2}
 s - a wand of disintegration (15)
 v - a wand of acid (11) {@V1}
 B - a wand of enslavement (7)
Scrolls
 g - 2 scrolls of amnesia
 i - 5 scrolls of blinking {@r3}
 l - a scroll of immolation {@r4}
 p - a scroll of fog
 r - a scroll of remove curse {@r6}
 D - 3 scrolls of teleportation {@r2}
Potions
 d - 3 potions of brilliance
 f - 2 potions of lignification {@q7}
 j - a potion of stabbing {@q5}
 k - a potion of might {@q3}
 m - a potion of resistance {@q6}
 n - 4 potions of curing {@q1}
 o - a potion of heal wounds {@q2}
 t - 2 potions of haste {unknown}
 A - 3 potions of flight {unknown}
 F - a potion of invisibility {unknown}
Comestibles
 e - 17 rations


   Skills:
 * Level 9.7 Fighting
 * Level 11.2 Axes
 + Level 8.5 Armour
 + Level 7.7 Dodging
 - Level 7.6 Shields
 + Level 9.0 Invocations


You had 11 spell levels left.
You didn't know any spells.
Your spell library contained the following spells:

 Spells                   Type           Power        Failure   Level  Hunger
 Corona                   Hex            #......      91%         1    ##.....
 Foxfire                  Conj/Fire      #...         91%         1    ##.....
 Sandblast                Erth           #.....       91%         1    ##.....
 Ensorcelled Hibernation  Hex/Ice        #.....       97%         2    ###....
 Passwall                 Tmut/Erth      #.......     97%         2    ###....
 Confusing Touch          Hex            #.......     100%        3    ####...
 Conjure Flame            Conj/Fire      #.......     100%        3    ####...
 Dazzling Flash           Conj/Hex       #.....       100%        3    ####...
 Gell's Gravitas          Tloc           #.........   100%        3    ####...
 Inner Flame              Hex/Fire       #.......     100%        3    ####...
 Portal Projectile        Hex/Tloc       #.....       100%        3    ####...
 Stone Arrow              Conj/Erth      #.....       100%        3    ####...
 Tukima's Dance           Hex            #.......     100%        3    ####...
 Cause Fear               Hex            #.........   100%        4    #####..
 Petrify                  Tmut/Erth      #.......     100%        4    #####..
 Sticky Flame             Conj/Fire      #.......     100%        4    #####..
 Fireball                 Conj/Fire      #.........   100%        5    ######.
 Lee's Rapid Deconstruct  Erth           #.........   100%        5    ######.
 Metabolic Englaciation   Hex/Ice        #.........   100%        5    ######.
 Silence                  Hex/Air        #.........   100%        5    ######.
 Yara's Violent Unravell  Hex/Tmut       #.........   100%        5    ######.
 Deflect Missiles         Chrm/Air       #.........   100%        6    #######
 Dispersal                Tloc           #.........   100%        6    #######
 Controlled Blink         Tloc           N/A          100%        8    #######
 Discord                  Hex            #.........   100%        8    #######
 Disjunction              Tloc           #.........   100%        8    #######


Dungeon Overview and Level Annotations

Branches:
Dungeon (13/15)            Temple (1/1) D:4            Lair (0/6) D:8
    Orc (0/2) D:11
 Vaults: D:13-14

Altars:
Ashenzari
Cheibriados
Dithmenos
Elyvilon
Gozag
Hepliaklqana
Kikubaaqudgha
Makhleb
Qazlal
Ru
Sif Muna
Uskayaw
Yredelemnul
Zin
The Shining One

Shops:
D:12 [

Annotations:
D:7 2 transporters


Innate Abilities, Weirdness & Mutations

You are resistant to damage.
You can heal yourself by infusing magical energy.
You passively map the area around you.
You do not regenerate.


Message History

You are too injured to fight recklessly!
You are too injured to fight recklessly!
You are too injured to fight recklessly!
You are too injured to fight recklessly!
You are too injured to fight recklessly!
You are too injured to fight recklessly!
You are too injured to fight recklessly!
You feel much better. The meliai completely misses you.
The meliai stings you but does no damage.
The meliai calls down the wrath of its god upon you.
Something smites you!
The two-headed ogre hits you with a +0 giant club!
The two-headed ogre misses you. The meliai hits you but does no damage.
The meliai stings you.
You are more poisoned.
The meliai poisons you! The meliai hits you with a +0 war axe.
The meliai barely misses you.
Your magical essence is drained by the effort!
You feel much better.
You feel very sick. The meliai barely misses you. The meliai misses you.
The meliai calls upon its god to heal the meliai.
The meliai is healed somewhat.
The two-headed ogre hits you but does no damage.
The two-headed ogre closely misses you. The meliai barely misses you.
The meliai stings you but does no damage.
The meliai misses you. x2
You miss the meliai.
The meliai is almost dead.
You hit the two-headed ogre. You slash the meliai!
You feel very sick. The meliai hits you with a +3 hand axe.
The meliai misses you. The meliai hits you with a +0 war axe!
The meliai barely misses you.
The two-headed ogre hits you with a +0 giant club!
The two-headed ogre hits you with a cursed -1 giant club!
The meliai hits you but does no damage. The meliai stings you.
The meliai hits you but does no damage. The meliai closely misses you.
You are too injured to fight recklessly!
You are too injured to fight recklessly!
You are too injured to fight recklessly!
You are too injured to fight recklessly!
You are too injured to fight recklessly!
You are too injured to fight recklessly!
You are too injured to fight recklessly!
You are too injured to fight recklessly!
You are too injured to fight recklessly!
You feel much better.
You feel sick. The meliai hits you with a +3 hand axe.
The meliai closely misses you. The meliai hits you with a +0 war axe.
The meliai stings you.
You are more poisoned.
The meliai poisons you! The two-headed ogre barely misses you.
The two-headed ogre hits you with a cursed -1 giant club!
The meliai calls upon its god to heal the meliai.
The meliai is healed somewhat.
You fail to use your ability.
You feel very sick. The meliai hits you with a +0 war axe.
The meliai stings you but does no damage.
The meliai hits you with a +3 hand axe.
The meliai stings you but does no damage.
The meliai hits you but does no damage.
The meliai stings you but does no damage.
The meliai hits you with a +3 hand axe. The meliai stings you.
You are lethally poisoned!
The meliai poisons you!
You are too injured to fight recklessly!
You are too injured to fight recklessly!
You are too injured to fight recklessly!
You are too injured to fight recklessly!
You are too injured to fight recklessly!
You are too injured to fight recklessly!
You are too injured to fight recklessly!
You are too injured to fight recklessly!
You are too injured to fight recklessly!
You feel much better.
You feel very sick. The meliai hits you with a +0 war axe!
The meliai closely misses you. The two-headed ogre closely misses you.
The two-headed ogre hits you with a cursed -1 giant club!
The meliai hits you with a +3 hand axe. The meliai closely misses you.
The meliai hits you with a +0 war axe!
* * * LOW HITPOINT WARNING * * *
The meliai barely misses you.
You feel much better.
You feel very sick. The meliai hits you with a +3 hand axe.
The meliai barely misses you. The meliai hits you with a +0 war axe.
The meliai stings you but does no damage.
The meliai calls upon its god to heal the meliai.
The meliai is healed somewhat.
The two-headed ogre hits you with a +0 giant club!!
* * * LOW HITPOINT WARNING * * *
The two-headed ogre barely misses you.
You are too injured to fight recklessly!
You are too injured to fight recklessly!
You are too injured to fight recklessly!
You are too injured to fight recklessly!
You are too injured to fight recklessly!
You are too injured to fight recklessly!
Are you sure you want to abandon this character and quit the game? (Confirm with "yes".)

** * ** * ,
........., , , ,
, ,....... ,,,,
* *
**####......, ,
, , ,..?...... ,
, , , ,
......... ,
.......h# * * ,
......Oy#######
* * ,
,......y@)......
, ,,
...............,
, , ,
###.##########.,
, , * # * * ** ,
, , , , , > , ,
, , ,, ,,, , * *
** * * * , ,, *
* * , * * , ** *
* , ,,


You could see a two-headed ogre, a black bear and 2 meliai.

Vanquished Creatures
  Harold (D:7)
  5 two-headed ogres
  A manticore (D:12)
  Maggie (D:6)
  A troll (D:11)
  A meliai (D:13)
  2 hornets
  2 hippogriffs
  13 yaks
  A shadow (D:12)
  A wyvern (D:12)
  A wraith (D:6)
  A hungry ghost (D:8)
  4 vampire mosquitoes (D:12)
  2 basilisks (D:8)
  Menkaure (D:5)
  An acid dragon (D:12)
  A soldier ant (D:12)
  Duvessa (D:6)
  5 orc warriors
  3 ice beasts
  2 black bears
  A sky beast (D:8)
  2 phantoms (D:8)
  7 ogres
  A necrophage (D:12)
  3 centaurs
  A crocodile (D:9)
  10 bullfrogs
  Dowan (D:6)
  2 wyvern skeletons
  2 scorpions (D:9)
  20 killer bees
  12 wights
  6 howler monkeys
  7 crimson imps
  2 quasits
  2 centaur zombies (D:5)
  5 hounds
  2 centaur skeletons
  6 jellies
  7 orc priests
  An iguana (D:4)
  3 worker ants
  11 orc wizards
  A killer bee zombie (D:5)
  A hound zombie (D:6)
  A hound skeleton (D:5)
  7 adders
  2 shadow imps
  7 oozes
  2 adder skeletons
  An adder zombie (D:6)
  A worm (D:2)
  8 leopard geckos
  57 orcs
  2 bats
  A giant cockroach (D:6)
  A goblin (D:1)
  A hobgoblin (D:3)
  4 jackals (D:5)
  3 kobolds
  4 quokkas
  2 ball pythons
  A frilled lizard (D:2)
  A jackal zombie (D:8)
273 creatures vanquished.

Notes
Turn   | Place    | Note
-------+----------+-------------------------------------------
     0 | D:1      | EnegeticOcto the Deep Dwarf Fighter began the quest for the
                  | Orb.
     0 | D:1      | Reached XP level 1. HP: 20/20 MP: 1/1
   108 | D:2      | Reached XP level 2. HP: 17/27 MP: 2/2
   346 | D:4      | Found a staircase to the Ecumenical Temple.
   360 | D:4      | Reached XP level 3. HP: 26/34 MP: 2/2
   363 | Temple   | Entered the Ecumenical Temple
   382 | Temple   | Became a worshipper of Makhleb the Destroyer
   438 | D:4      | Reached skill level 1 in Dodging
   459 | D:4      | Reached skill level 3 in Axes
   459 | D:4      | Reached XP level 4. HP: 17/42 MP: 3/3
   491 | D:4      | Reached skill level 1 in Invocations
   634 | D:4      | Found a hazy altar of Hepliaklqana.
   724 | D:4      | Reached XP level 5. HP: 43/50 MP: 4/4
   746 | D:5      | Entered Level 5 of the Dungeon
   827 | D:5      | Found a shattered altar of Ashenzari.
   965 | D:5      | Noticed a centaur
   973 | D:5      | Killed a centaur
   973 | D:5      | Reached skill level 4 in Axes
   973 | D:5      | Reached XP level 6. HP: 42/57 MP: 5/5
   991 | D:5      | Reached * piety under Makhleb
  1275 | D:5      | Noticed Menkaure
  1292 | D:5      | Killed Menkaure
  1292 | D:5      | Reached XP level 7. HP: 52/66 MP: 7/7
  1309 | D:5      | Found an opulent altar of Gozag.
  1579 | D:6      | Reached skill level 5 in Axes
  1681 | D:6      | Noticed Duvessa
  1684 | D:6      | Noticed Dowan
  1689 | D:6      | Killed Duvessa
  1689 | D:6      | Reached skill level 5 in Fighting
  1696 | D:6      | Killed Dowan
  1801 | D:6      | Reached XP level 8. HP: 71/74 MP: 8/8
  1817 | D:6      | Reached ** piety under Makhleb
  1984 | D:6      | Reached skill level 5 in Shields
  2008 | D:6      | Reached skill level 5 in Armour
  2011 | D:6      | Reached skill level 6 in Axes
  2181 | D:6      | Noticed Maggie
  2217 | D:6      | Killed Maggie
  2317 | D:7      | Found a transporter.
  2324 | D:7      | Noticed a moth of wrath
  2355 | D:7      | Found a transporter.
  2426 | D:7      | Noticed Harold
  2482 | D:7      | Killed Harold
  2482 | D:7      | Reached skill level 7 in Axes
  2482 | D:7      | Reached skill level 5 in Invocations
  2482 | D:7      | Gained mutation: You passively map the area around you.
                  | [Deep Dwarf growth]
  2482 | D:7      | Reached XP level 9. HP: 75/85 MP: 5/7
  2577 | D:7      | Found a stormy altar of Qazlal.
  2605 | D:7      | Found a snail-covered altar of Cheibriados.
  2826 | D:7      | Found a glowing golden altar of the Shining One.
  2828 | D:7      | Found a sacrificial altar of Ru.
  2835 | D:7      | Found a glowing silver altar of Zin.
  3048 | D:8      | Reached skill level 5 in Dodging
  3290 | D:8      | Reached skill level 8 in Axes
  3304 | D:8      | Paralysed by a hornet for 1 turns
  3320 | D:8      | Noticed a two-headed ogre
  3335 | D:8      | Killed a two-headed ogre
  3335 | D:8      | Reached XP level 10. HP: 66/94 MP: 5/5
  3406 | D:8      | Found a staircase to the Lair.
  3449 | D:8      | Reached *** piety under Makhleb
  3853 | D:8      | Reached skill level 9 in Axes
  3979 | D:9      | Noticed a two-headed ogre
  4003 | D:9      | Killed a two-headed ogre
  4349 | D:9      | Reached **** piety under Makhleb
  4602 | D:10     | Entered Level 10 of the Dungeon
  4636 | D:10     | Reached XP level 11. HP: 71/104 MP: 3/3
  4877 | D:10     | Noticed a two-headed ogre
  4889 | D:10     | Killed a two-headed ogre
  4889 | D:10     | Reached ***** piety under Makhleb
  4889 | D:10     | Reached skill level 10 in Axes
  5433 | D:11     | Found a staircase to the Orcish Mines.
  5577 | D:11     | Noticed a two-headed ogre
  5586 | D:11     | Killed a two-headed ogre
  5946 | D:12     | Noticed a two-headed ogre
  5955 | D:12     | Killed a two-headed ogre
  5955 | D:12     | Reached skill level 11 in Axes
  6032 | D:12     | Found Cuforyut's Antique Armour Boutique.
  6340 | D:13     | Noticed a two-headed ogre
  6343 | D:13     | Reached XP level 12. HP: 67/116 MP: 2/2
  6360 | D:13     | Quit the game

Levels and vault maps discovered:
D:1:      mushboom_english_gardens, layout_rooms
D:2:      layout_loops_cross
D:3:      layout_basic, okawaru_gym_becter, st_stairs_14, kennysheep_nondescript
D:4:      layout_basic, kennysheep_little_box, temple_statues, first_ration,
          st_stairs_7
D:5:      minmay_angry_zag, layout_basic, lemuel_round_altar,
          nicolae_ashenzari_panopticon, uniq_menkaure
D:6:      layout_gridville, uniq_duvessa, uniq_maggie
D:7:      layout_rooms, nicolae_qazlal_style_of_elements, cheibriados_altar_1,
          grunt_temple_overflow_open, gammafunk_ghost_berserking_beasts,
          uniq_harold
D:8:      layout_loops_corners, david_lair_generic, enter_bailey_2
D:9:      layout_roguey, hangedman_little_slice_of_home
D:10:     layout_rooms
D:11:     layout_roguey, hiddenorc1_lemuel
D:12:     layout_rooms, serial_rivers, chequers_serial_rivers_small_a,
          chequers_serial_rivers_room_a, chequers_serial_rivers_large_b,
          chequers_serial_rivers_micro_e, serial_shops, shop
D:13:     layout_long_grid, uniq_frances, uniq_nessos, uniq_urug
Temple:   eino_temple_water

Skill      XL: |  1  2  3  4  5  6  7  8  9 10 11 |
---------------+----------------------------------+-----
Fighting       | 3 4 5 6 7 8 9 |  9.7
Dodging        | 1 2 3 4 5 6 7 |  7.7
Axes           | 3 4 5 7 8 9 11 | 11.2
Invocations    | 1 2 3 5 6 7 9 |  9.0
Shields        | 4 5 6 7 |  7.6
Armour         | 4 5 6 7 8 |  8.5

Action                   |  1- 3 |  4- 6 |  7- 9 | 10-12 || total
-------------------------+-------+-------+-------+-------++-------
Melee: War axe           |    68 |   146 |   358 |   438 ||  1010
       Battleaxe         |       |       |       |   220 ||   220
 Abil: Heal Wounds       |     3 |     8 |    22 |    29 ||    62
  Use: Scroll            |       |     7 |     5 |     5 ||    17
 Stab: Distracted        |       |       |       |     1 ||     1
  Eat: Chunk             |       |     1 |     5 |     7 ||    13
       Ration            |       |       |     1 |     2 ||     3
Armor: Scale mail        |    21 |    75 |    59 |       ||   155
       Chain mail        |       |       |    83 |   428 ||   511
Dodge: Dodged            |    24 |    59 |   116 |   465 ||   664
Block: Kite shield       |    47 |    95 |   241 |   334 ||   717

Table legend:
 A = Non-vault XP
 B = Vault XP
 C = Vault XP percentage of total XP
 D = Non-vault monster count
 E = Vault monster count
 F = Vault count percentage of total count
                 A         B        C        D         E       F
            +---------+---------+-------+---------+---------+-------
      Total |   19413 |    3166 |  14.0 |     234 |      39 |  14.3
            +---------+---------+-------+---------+---------+-------
        D:1 |      10 |       0 |   0.0 |       5 |       0 |   0.0
        D:2 |      10 |       0 |   0.0 |       5 |       0 |   0.0
        D:3 |       4 |       0 |   0.0 |       2 |       0 |   0.0
        D:4 |     205 |       7 |   3.3 |      14 |       1 |   6.7
        D:5 |     281 |     398 |  58.6 |      15 |       5 |  25.0
        D:6 |     959 |     599 |  38.4 |      21 |       3 |  12.5
        D:7 |     564 |     981 |  63.5 |      23 |       1 |   4.2
        D:8 |    3286 |     839 |  20.3 |      35 |       4 |  10.3
        D:9 |    1791 |     161 |   8.2 |      19 |       8 |  29.6
       D:10 |    3533 |       0 |   0.0 |      39 |       0 |   0.0
       D:11 |    3803 |     181 |   4.5 |      25 |      17 |  40.5
       D:12 |    4181 |       0 |   0.0 |      27 |       0 |   0.0
       D:13 |     786 |       0 |   0.0 |       4 |       0 |   0.0
            +---------+---------+-------+---------+---------+-------
